 Dungeon Crawl Stone Soup version 0.24-a0-245-gb50751227d (webtiles) character file.

Game seed: 13577031841117520600

28 Redear the Charmwright (level 3, -1/28 HPs)
             Began as a Demonspawn Skald on Apr 12, 2019.
             Slain by a worm (10 damage)
             ... on level 2 of the Dungeon.
             The game lasted 00:02:18 (1509 turns).

Redear the Charmwright (Demonspawn Skald)           Turns: 1509, Time: 00:02:18

Health: -1/28      AC:  3    Str: 11    XL:     3   Next: 0%
Magic:  6/6        EV: 12    Int: 15    God:
Gold:   64         SH:  0    Dex: 12    Spells: 5/6 levels left

rFire    . . .     SeeInvis .   a - +0 short sword
rCold    + . .     Gourm    .   (no shield)
rNeg     . . .     Faith    .   b - +0 leather armour
rPois    .         Spirit   .   (helmet restricted)
rElec    .         Reflect  .   (no cloak)
rCorr    .         Harm     .   (no gloves)
MR       .....                  (no boots)
Stlth    +.........             (no amulet)
HPRegen  0.09/turn              (no ring)
MPRegen  0.10/turn              (no ring)

@: no status effects
A: horns 1, cold resistance 1
a: no special abilities


You were on level 2 of the Dungeon.
You were hungry.

You visited 1 branch of the dungeon, and saw 2 of its levels.

You collected 64 gold pieces.

Inventory:

Hand Weapons
 a - a +0 short sword (weapon)
Armour
 b - a +0 leather armour (worn)
 e - a +0 helmet
Jewellery
 c - a cursed ring of teleportation {unknown}
 k - an uncursed amulet of rage {unknown}
Scrolls
 d - a scroll of remove curse {unknown}
 f - 4 scrolls of teleportation {unknown}
 j - 2 scrolls of identify {unknown}
 l - a scroll of fear {unknown}
 m - a scroll of enchant weapon {unknown}
 n - a scroll of fog {unknown}
 p - a scroll of enchant armour {unknown}
Potions
 g - a potion of haste {unknown}
 h - a potion of cancellation {unknown}
 i - a potion of agility {unknown}
 o - a potion of berserk rage {unknown}
Comestibles
 z - 3 rations


   Skills:
 + Level 2.4 Fighting
 + Level 2.2 Short Blades
 + Level 1.4 Armour
 + Level 2.2 Dodging
 - Level 2.0 Spellcasting
 - Level 2.6 Charms


You had 5 spell levels left.
You knew the following spells:

 Your Spells              Type           Power        Failure   Level  Hunger
z - Infusion              Chrm           #...         10%         1    #......

Your spell library contained the following spells:

 Spells                   Type           Power        Failure   Level  Hunger
 Song of Slaying          Chrm           #.......     14%         2    ###....
 Shroud of Golubria       Chrm/Tloc      #.........   26%         2    ###....
 Regeneration             Chrm/Necr      #.........   45%         3    ###....
 Spectral Weapon          Hex/Chrm       #.......     45%         3    ###....


Dungeon Overview and Level Annotations

Branches:
Dungeon (2/15)

Altars:


Innate Abilities, Weirdness & Mutations

You have a pair of small horns on your head.
Your flesh is cold resistant. (rC+)


Message History

The worm is heavily wounded.
The worm bites you but does no damage.
You hit the worm.
The worm is heavily wounded.
You hit the worm but do no damage. You headbutt the worm.
The worm is severely wounded.
The worm barely misses you.
You hit the worm.
The worm is severely wounded.
You barely miss the worm.
The worm is severely wounded.
The worm bites you!
You take 8 damage, and have 9/28 hp.
MASSIVE DAMAGE!!
You hit the worm but do no damage.
The worm is heavily wounded.
Unknown command.
You hit the worm but do no damage. Your headbutt misses the worm.
The worm is heavily wounded.
The worm bites you!
You die...

#... >.$ ... .. .#
♣♣## ##.###
....###w...# ###
#...#@.#.#
....#.#....#.#
##...........##
........##....##
##+.......##.......
#.....##.#.........
##.....+..#..........
##......####..........
##.......# #..........


You could see a worm.

Vanquished Creatures
  An adder (D:2)
  A leopard gecko (D:2)
  4 hobgoblins
  3 jackals (D:1)
  A bat (D:2)
  5 kobolds
  4 rats
19 creatures vanquished.

Notes
Turn   | Place    | Note
-------+----------+-------------------------------------------
     0 | D:1      | Redear the Demonspawn Skald began the quest for the Orb.
     0 | D:1      | Reached XP level 1. HP: 16/16 MP: 3/3
   241 | D:1      | Reached skill level 1 in Armour
   469 | D:1      | Reached skill level 2 in Short Blades
   469 | D:1      | Reached skill level 2 in Dodging
   469 | D:1      | Gained mutation: You have a pair of small horns on your
                  | head. [demonic ancestry]
   469 | D:1      | Reached XP level 2. HP: 7/22 MP: 5/5
  1432 | D:2      | Gained mutation: Your flesh is cold resistant. (rC+)
                  | [demonic ancestry]
  1432 | D:2      | Reached XP level 3. HP: 23/28 MP: 6/6
  1509 | D:2      | Slain by a worm

Levels and vault maps discovered:
D:1:      matt_arrival_grand_opening, layout_basic
D:2:      layout_basic, serial_forest, infiniplex_forest_lined_4_way,
          infiniplex_forest_clump_small, infiniplex_forest_clump_small,
          infiniplex_forest_lined_4_way, infiniplex_forest_straight_2,
          infiniplex_forest_clump_diagonal, uniq_terence

Skill      XL: |  1 |
---------------+----+-----
Armour         | 1 |  1.4
Short Blades   | 2 |  2.2
Dodging        | 2 |  2.2
Fighting       | |  2.4
Spellcasting   | |  2.0
Charms         | |  2.6

Action                   || total
-------------------------++-------
Melee: Short sword       ||    88
       Headbutt          ||     6
  Eat: Chunk             ||     1
Armor: Leather armour    ||    16
Dodge: Dodged            ||    54

Table legend:
 A = Non-vault XP
 B = Vault XP
 C = Vault XP percentage of total XP
 D = Non-vault monster count
 E = Vault monster count
 F = Vault count percentage of total count
                 A         B        C        D         E       F
            +---------+---------+-------+---------+---------+-------
      Total |      41 |       0 |   0.0 |      19 |       0 |   0.0
            +---------+---------+-------+---------+---------+-------
        D:1 |      16 |       0 |   0.0 |      10 |       0 |   0.0
        D:2 |      25 |       0 |   0.0 |       9 |       0 |   0.0
            +---------+---------+-------+---------+---------+-------
